 Dungeon Crawl Stone Soup version 0.30-a0-643-g638baaf3f0 (webtiles) character file.

Game seed: 18286148461643374583

2914 HoaS the Grappler (level 9, 0/63 (67) HPs)
             Began as a Demigod Gladiator on Jan 16, 2023.
             Slain by a spectral orc knight
             ... wielding a +2 war axe
             ... summoned by Nergalle
              (7 damage)
             ... on level 10 of the Dungeon.
             The game lasted 00:20:17 (7386 turns).

HoaS the Grappler (Demigod Gladiator)               Turns: 7386, Time: 00:20:17

HP:   0/63 (67)     AC: 20    Str: 27    XL:     9   Next: 25%
MP:   11/11         EV:  5    Int: 10    God:
Gold: 251           SH:  0    Dex: 15    Spells: 8/8 levels left

rFire   . . .      SeeInvis .      - Unarmed
rCold   . . .      Faith    .    (no shield)
rNeg    . . .      Spirit   .    g - +0 crystal plate armour
rPois   .          Reflect  .    b - +0 helmet
rElec   .          Harm     .    q - +0 cloak
rCorr   +          Rampage  .    z - +0 pair of gloves
Will    .....                    k - +2 pair of boots Stlth
                                 (no amulet)
HPRegen 0.30/turn                x - ring of resist corrosion
MPRegen 0.12/turn                (no ring)

@: lethally poisoned (0 -> -2), drained
A: high MP 1, forlorn, divine attributes
a: no special abilities


You were on level 10 of the Dungeon.
You visited 1 branch of the dungeon, and saw 8 of its levels.

You collected 251 gold pieces.

Inventory:

Missiles
 c - 4 throwing nets (quivered)
 i - 4 silver boomerangs
 o - 7 javelins
 p - 8 poisoned darts
 C - a boomerang
Armour
 b - a +0 helmet (worn)
 g - a +0 crystal plate armour (worn)
 k - a +2 pair of boots (worn)
 q - a +0 cloak (worn)
 z - a +0 pair of gloves (worn)
Jewellery
 x - a ring of resist corrosion (left hand)
 D - a ring of fire
Wands
 l - a wand of charming (14)
 n - a wand of flame (17)
 s - a wand of polymorph (24)
 y - a wand of roots (7)
 B - a wand of light (4)
Scrolls
 v - 2 scrolls of fear
 w - 3 scrolls of fog
 A - a scroll of blinking {unknown}
Potions
 a - a potion of might {unknown}
 d - 2 potions of attraction {unknown}
 e - 5 potions of resistance
 f - 3 potions of flight
 h - a potion of magic {unknown}
 j - 3 potions of curing
 m - 2 potions of berserk rage {unknown}
 r - 3 potions of mutation
 t - a potion of lignification {unknown}
 u - a potion of heal wounds {unknown}


   Skills:
 - Level 1.7 Fighting
 - Level 1.7 Throwing
 - Level 2.6 Dodging
 + Level 12.3 Unarmed Combat


You had 8 spell levels left.
You didn't know any spells.
Your spell library contained the following spells:

 Spells                   Type           Power      Damage    Failure   Level
 Summon Small Mammal      Summ           0%         N/A       100%        1
 Ensorcelled Hibernation  Hex/Ice        0%         N/A       100%        2
 Sublimation of Blood     Necr           0%         N/A       100%        2
 Wereblood                Tmut           0%         N/A       100%        2
 Call Canine Familiar     Summ           0%         N/A       100%        3
 Hailstorm                Conj/Ice       0%         3d3       100%        3
 Spider Form              Tmut/Pois      0%         N/A       100%        3
 Summon Guardian Golem    Hex/Summ       0%         N/A       100%        3
 Anguish                  Hex/Necr       0%         N/A       100%        4
 Ice Form                 Ice/Tmut       0%         N/A       100%        4
 Leda's Liquefaction      Hex/Erth       0%         N/A       100%        4
 Lee's Rapid Deconstruct  Erth           0%         3d4*      100%        5
 Simulacrum               Ice/Necr       0%         N/A       100%        6
 Statue Form              Tmut/Erth      0%         N/A       100%        6
 Summon Hydra             Summ           0%         N/A       100%        7


Dungeon Overview and Level Annotations

Branches:
Dungeon (7/15)             Temple (0/1) D:4

Shops:
D:3 !   D:4 [   D:10 !

Annotations:
D:5 2 runed translucent doors, initializr's ghost, novice BaIE
D:10 Nergalle


Innate Abilities, Weirdness & Mutations

You have an increased reservoir of magic. (+10% MP)
You shall have no god before yourself.
Your divine heritage dramatically boosts your attributes as you level up.


Message History

You are no longer poisoned.
A howler monkey comes into view.
The kobold brigand throws a poisoned dart.
The poisoned dart hits you!
You are poisoned.
You feel very sick.
You feel sick.
The kobold brigand throws a poisoned dart.
The poisoned dart hits you.
You are more poisoned.
You feel very sick.
Nergalle gestures at you while chanting.
Orcish apparitions take form around you.
You barely miss the spectral orc knight.
You feel sick.
You hit the spectral orc knight but do no damage.
You feel sick.
The spectral orc knight hits you with a +2 war axe.
You feel drained.
You hit the spectral orc knight.
The spectral orc knight is lightly damaged.
You feel sick.
The spectral orc knight completely misses you.
You hit the spectral orc knight. You punch the spectral orc knight.
The spectral orc knight is lightly damaged.
You feel sick.
The spectral orc knight hits you with a +2 war axe.
You hit the spectral orc knight but do no damage.
You punch the spectral orc knight!
The spectral orc knight is moderately damaged.
You feel sick. Nergalle casts a spell at you.
Orcish apparitions take form around you.
You punch the spectral orc knight!
The spectral orc knight is severely damaged.
You feel sick.
The spectral orc knight hits you with a +2 war axe!
* * * LOW HITPOINT WARNING * * *
You feel drained.
You die...

h.. ##.... #.# #..≈≈≈
#.# ##.≈≈≈≈ ..# #..≈≈≈≈
#.# #..≈≈≈≈ #.# #...≈≈≈
#.# ##.#....
##########.# #.######
#KKoKZ@Z...# ##.#.#
#K########.#######..##.
#.# #..........##. #.#
##########.##. #.# #.#
. #.# #.# # #.# #.# #
#K# #.### #(# ###.ZK.


You could see Nergalle, a spectral orc (summoned), a spectral orc knight
(summoned), a kobold brigand and 3 kobolds.

Vanquished Creatures
  Pikel (D:4)
  Sigmund (D:6)
  A steam dragon (D:7)
  Menkaure (D:6)
  A water moccasin (D:5)
  Duvessa (D:4)
  4 ogres
  A sky beast (D:6)
  3 ice beasts
  3 lemures
  A phantom (D:5)
  Blork the orc (D:4)
  A bullfrog (D:6)
  A scorpion (D:3)
  A gnoll sergeant (D:5)
  Dowan (D:4)
  4 crimson imps (D:6)
  2 gnoll boudas (D:6)
  3 hounds
  A jelly (D:7)
  2 iguanas (D:5)
  An orc wizard (D:5)
  Robin (D:4)
  22 gnolls
  9 adders
  A white imp (D:6)
  2 ufetubi (D:5)
  A worm (D:2)
  3 dart slugs
  5 orcs
  5 ball pythons
  4 bats
  4 endoplasms
  3 giant cockroaches
  12 goblins
  8 hobgoblins
  10 jackals
  8 quokkas
  2 frilled lizards
  8 kobolds
  11 rats
155 creatures vanquished.

Notes
Turn   | Place    | Note
-------+----------+-------------------------------------------
     0 | D:1      | HoaS the Demigod Gladiator began the quest for the Orb.
     0 | D:1      | Reached XP level 1. HP: 17/17 MP: 3/3
    71 | D:1      | Reached skill level 3 in Unarmed Combat
   258 | D:1      | Reached XP level 2. HP: 24/24 MP: 4/4
   788 | D:2      | Reached XP level 3. HP: 23/29 MP: 5/5
  1033 | D:2      | Reached skill level 4 in Unarmed Combat
  1923 | D:3      | Reached XP level 4. HP: 36/36 MP: 6/6
  2215 | D:3      | Reached skill level 5 in Unarmed Combat
  2370 | D:3      | Found Socuu's Distillery.
  2445 | D:3      | Reached XP level 5. HP: 35/41 MP: 7/7
  2479 | D:4      | Found Oshoso's Armour Shoppe.
  2692 | D:4      | Noticed Robin
  2766 | D:4      | Killed Robin
  2799 | D:4      | Noticed Dowan
  2799 | D:4      | Noticed Duvessa
  2828 | D:4      | Killed Dowan
  2829 | D:4      | Reached skill level 6 in Unarmed Combat
  3109 | D:4      | Found a staircase to the Ecumenical Temple.
  3181 | D:4      | Noticed Pikel
  3215 | D:4      | Killed Pikel
  3216 | D:4      | Reached skill level 8 in Unarmed Combat
  3216 | D:4      | Reached XP level 6. HP: 23/48 MP: 8/8
  3216 | D:4      | Reached XP level 7. HP: 25/53 MP: 9/9
  3345 | D:4      | Noticed Blork the orc
  3376 | D:4      | Killed Blork the orc
  3756 | D:4      | Killed Duvessa
  4140 | D:5      | Entered Level 5 of the Dungeon
  4202 | D:5      | Reached skill level 9 in Unarmed Combat
  4578 | D:5      | Reached XP level 8. HP: 50/60 MP: 10/10
  5073 | D:5      | Found a runed translucent door.
  5076 | D:5      | Noticed initializr's ghost (novice BaIE)
  5100 | D:5      | Found a runed translucent door.
  5133 | D:4      | Reached skill level 10 in Unarmed Combat
  5956 | D:6      | Noticed Sigmund
  5963 | D:6      | Killed Sigmund
  6004 | D:6      | Noticed Menkaure
  6014 | D:6      | Killed Menkaure
  6015 | D:6      | Reached skill level 11 in Unarmed Combat
  6758 | D:6      | Reached XP level 9. HP: 67/67 MP: 11/11
  6841 | D:7      | Reached skill level 12 in Unarmed Combat
  7221 | D:7      | You fall into a shaft and drop 3 floors!
  7221 | D:10     | Entered Level 10 of the Dungeon
  7222 | D:10     | Noticed Nergalle
  7311 | D:10     | Found Belabbad's Distillery.
  7386 | D:10     | Slain by a spectral orc knight

Illustrated notes

Levels and vault maps discovered:
D:1:      dpeg_arrival_ratfight, layout_rooms, minmay_misc_feat_tower,
          kennysheep_decorative_pillar, chequers_serial_rivers_room_b
D:2:      layout_basic, basic_altar, eino_tiny_chamber, minivault_26
D:3:      layout_rooms, general_overflow_altar, ashenzari_altar_1, serial_shops,
          shop_statue
D:4:      layout_basic, minmay_temple_entry_trees, serial_shops,
          nicolae_diamond_shop, uniq_blork_the_orc, uniq_duvessa, uniq_pikel,
          uniq_robin
D:5:      layout_basic, lemuel_coloured_pillars_altar, marbit_many_paths,
          kennysheep_ying_yang, ebering_ghost_sewer_f,
          hangedman_decor_diamond_cutter
D:6:      layout_loops_ring, led_xom_imps, uniq_menkaure, uniq_sigmund
D:7:      layout_rooms, minmay_starry_boxes
D:10:     layout_loops_ring, serial_shops, nicolae_lakefront_shop, uniq_nergalle

Skill      XL: |  1  2  3  4  5  6  7  8  9 |
---------------+----------------------------+-----
Unarmed Combat | 3 4 5 8 9 11 12 | 12.3
Fighting       | |  1.7
Throwing       | |  1.7
Dodging        | |  2.6

Action                   |  1- 3 |  4- 6 |  7- 9 || total
-------------------------+-------+-------+-------++-------
Melee: Unarmed           |   148 |   164 |   295 ||   607
       Punch             |     2 |     2 |    17 ||    21
Throw: Javelin           |       |     1 |       ||     1
       Throwing net      |       |     1 |       ||     1
  Use: Scroll            |     5 |     2 |     8 ||    15
Armor: Ring mail         |    30 |       |       ||    30
       Crystal plate arm |    26 |   150 |   193 ||   369
       Plate armour      |    10 |       |       ||    10
Dodge: Dodged            |    54 |     9 |    41 ||   104

Table legend: (Time is in decaauts)
 A = Elapsed time spent in this place.
 B = Non-inter-level travel time spent in this place.
 C = Inter-level travel time spent in this place.
 D = Time resting spent in this place.
 E = Time spent auto-exploring this place.
 F = Levels seen in this place.
 G = Mean time per level.
                   A        B        C        D        E       F      G
               +--------+--------+--------+--------+--------+-----+--------+
         Total |   7312 |   6986 |    326 |   1657 |   3448 |   8 |  914.0 |
       Dungeon |   7312 |   6986 |    326 |   1657 |   3448 |   8 |  914.0 |
               +--------+--------+--------+--------+--------+-----+--------+

Top non-repeatable levels by time:
     D:5: 1641 daAuts
     D:4: 1549 daAuts
     D:2: 1176 daAuts
     D:6: 1083 daAuts
     D:1: 751 daAuts
     D:3: 656 daAuts
     D:7: 290 daAuts
    D:10: 163 daAuts
